Map: Ice and Chrome LE

Players

maomao - Winner!

  • Race: Zerg Zerg
  • League: Gold
  • Spawn Location: 1:00

A.I. 1 (Harder)

  • Race: Protoss Protoss
  • Spawn Location: 7:00

VOD

Have the link to the VOD?

Description

Time

  • Played on: June 12, 2020, 2:37 p.m.
  • Length: 9:20
Show
View Real Time Build Order
Export as new Build Order

maomao Zerg - Winner!

Build Orders: Hatch First, Roach Hydra 

Get SALT Encoding   

  12  0:01  Drone  
  13  0:13  Overlord  
  13  0:17  Drone  
  14  0:31  Drone x2  
  16  0:53  Hatchery  
  16  0:54  Drone  
  16  0:57  Drone  
  17  1:02  Drone  
  18  1:11  Extractor  
  17  1:17  Spawning Pool  
  16  1:19  Drone  
  16  1:22  Drone  
  18  1:29  Drone  
  19  1:41  Drone  
  20  1:50  Overlord  
  20  2:04  Queen  
  20  2:07  Queen  
  24  2:09  Zergling x4  
  26  2:16  Drone  
  26  2:17  Drone  
  28  2:27  Drone x2  
  30  2:40  Drone  
  30  2:41  Overlord  
  31  2:48  Queen x2  
  35  2:53  Overlord  
  35  2:55  Drone  
  36  3:00  Drone  
  36  3:01  Drone  
  38  3:05  Drone  
  38  3:09  Drone  
  40  3:18  Drone x6  
  46  3:21  Overlord  
  46  3:32  Extractor  
  45  3:34  Extractor  
  45  3:37  Evolution Chamber  
  45  3:38  Roach Warren  
  45  3:40  Lair  
  42  3:48  Overlord  
  42  3:50  Drone x3  
  42  3:52  Drone  
  42  3:53  Drone  
  47  3:56  Drone  
  47  3:57  Drone  
  49  4:04  Drone x2  
  49  4:05  Drone  
  49  4:08  Drone  
  49  4:09  Drone  
  54  4:15  Zerg Missile Weapons Level 1  
  54  4:24  Roach x3  
  58  4:25  Roach  
  58  4:28  Roach  
  58  4:30  Roach  
  66  4:40  Glial Reconstitution  
  66  4:44  Hydralisk Den  
  66  4:45  Extractor  
  64  4:46  Drone  
  64  4:48  Drone  
  66  4:58  Overlord x2  
  66  5:11  Overlord x2  
  66  5:15  Grooved Spines  
  66  5:16  Hydralisk x2  
  66  5:18  Hydralisk  
  72  5:25  Roach x3  
  78  5:31  Hatchery  
  76  5:41  Hydralisk x2  
  76  5:42  Hydralisk  
  73  5:43  Roach  
  73  5:44  Roach x3  
  75  5:57  Hydralisk x2  
  75  6:00  Roach x3  
  75  6:01  Roach  
  87  6:05  Drone x3  
  90  6:20  Queen  
  92  6:27  Muscular Augments  
  92  6:34  Roach  
  92  6:35  Overlord  
  92  6:36  Overlord  
  92  6:38  Roach x3  
  100  6:53  Zerg Missile Weapons Level 2  
  86  7:17  Overlord x3  
  86  7:18  Hydralisk x4  
  86  7:19  Roach x2  
  86  7:20  Roach x5  
  102  7:36  Drone  
  102  7:37  Drone x5  
  104  7:48  Extractor  
  103  7:53  Extractor  
  103  7:54  Overlord x2  
  103  7:56  Drone x7  
  103  7:57  Drone  
  110  8:07  Drone x2  
  112  8:18  Roach x2  
  112  8:19  Hydralisk x3, Roach x3  
  126  8:25  Roach x3  
  134  8:47  Overlord x3  
  134  8:49  Roach x8  
  150  8:58  Roach x2  
  150  8:59  Overlord, Roach x2  
Show
View Real Time Build Order
Export as new Build Order

A.I. 1 (Harder) Protoss 

Build Orders:  

Get SALT Encoding   

  12  0:00  Probe  
  13  0:13  Probe  
  14  0:20  Pylon  
  14  0:25  Probe  
  15  0:34  Probe  
  16  0:42  Probe  
  16  0:47  Assimilator  
  17  0:51  Gateway  
  17  0:52  Probe  
  18  1:00  Probe  
  18  1:01  Pylon  
  19  1:22  Probe  
  20  1:40  Zealot  
  20  1:43  Cybernetics Core  
  22  1:47  Gateway  
  22  1:48  Assimilator  
  22  1:58  Zealot  
  22  2:04  Pylon  
  24  2:19  Warp Gate  
  24  2:25  Zealot  
  26  2:34  Zealot  
  28  2:43  Pylon  
  28  2:52  Zealot  
  28  2:54  Adept  
  32  3:12  Probe  
  33  3:19  Adept  
  35  3:21  Stalker  
  35  3:24  Probe  
  35  3:26  Pylon  
  38  3:36  Probe  
  39  3:44  Forge  
  39  3:48  Probe  
  40  3:49  Stalker  
  40  3:51  Stalker  
  44  4:00  Probe  
  45  4:09  Probe  
  46  4:43  Protoss Ground Weapons Level 1  
  46  4:53  Stalker  
  46  4:54  Gateway  
  46  4:57  Pylon  
  48  5:00  Sentry  
  50  5:15  Photon Cannon  
  50  5:16  Stalker  
  52  5:21  Pylon  
  52  5:23  Sentry  
  54  5:30  Robotics Facility  
  54  5:39  Adept  
  52  5:46  Stalker  
  52  5:47  Photon Cannon  
  50  5:53  Stalker  
  50  5:55  Twilight Council  
  50  6:00  Stalker  
  50  6:09  Zealot  
  52  6:16  Nexus  
  52  6:18  Observer  
  53  6:23  Blink  
  53  6:24  Zealot  
  55  6:31  Stalker x2  
  55  6:39  Observer  
  56  6:46  Stalker  
  57  6:54  Zealot  
  49  7:01  Adept  
  49  7:09  Sentry  
  49  7:17  Stalker  
  51  7:24  Stalker  
  43  7:31  Sentry  
  31  7:39  Zealot  
  32  7:46  Stalker  
  22  8:24  Stalker, Zealot  
  19  8:44  Pylon  
  19  8:52  Probe  
  19  8:53  Stalker  
Tags
 
Composition
Roach Hydra
League
Gold
Matchup
PvZ
Spawn Locations
Cross Positions
Add a new tag
Caveats
  • Supply blocks, unpowered buildings, or Contaminate may cause inaccurate times.
  • Supply counts are checked every 10 seconds.